 Dungeon Crawl Stone Soup version 0.31-a0-538-gbc85326fa9 (webtiles) character file.

Game seed: 1883800586583817642

66 cforsyth the Charlatan (level 4, -1/34 HPs)
             Began as a Gnoll Artificer on Aug 13, 2023.
             Slain by an orc
             ... wielding a +0 short sword
              (3 damage)
             ... on level 2 of the Dungeon.
             The game lasted 00:03:08 (2072 turns).

cforsyth the Charlatan (Gnoll Artificer)            Turns: 2072, Time: 00:03:09

Health: -1/34      AC:  3    Str: 12    XL:     4   Next: 15%
Magic:  5/5        EV: 12    Int: 12    God:
Gold:   84         SH:  0    Dex: 12    Spells: 5/5 levels left

rFire   . . .        a - +0 club
rCold   . . .        (no shield)
rNeg    . . .        b - +0 leather armour
rPois   .            (no helmet)
rElec   .            (no cloak)
rCorr   .            (no gloves)
SInv    .            (no boots)
Will    .....        (no amulet)
Stlth   ++           h - ring of wizardry
HPRegen 0.25/turn    (no ring)
MPRegen 0.09/turn

%: wizardry (x1)
@: no status effects
A: fangs 1, strong nose, distributed training
a: no special abilities


You were on level 2 of the Dungeon.
You visited 1 branch of the dungeon, and saw 3 of its levels.

You collected 84 gold pieces.

Inventory:

Hand Weapons
 a - a +0 club (weapon)
Missiles
 n - 3 poisoned darts
Armour
 b - a +0 leather armour (worn)
Jewellery
 h - a ring of wizardry (left hand)
Wands
 c - a wand of flame (10) (quivered)
 d - a wand of charming (15)
 e - a wand of iceblast (5)
Scrolls
 f - 2 scrolls of identify {unknown}
 g - 2 scrolls of teleportation {unknown}
 i - 2 scrolls of noise {unknown}
 o - a scroll of immolation {unknown}
Potions
 j - a potion of cancellation {unknown}
 k - a potion of heal wounds {unknown}
 l - a potion of enlightenment {unknown}
 m - a potion of ambrosia {unknown}


   Skills:
 + Level 2.7 Fighting
 + Level 1.0 Short Blades
 + Level 1.0 Long Blades
 + Level 1.0 Axes
 + Level 1.0 Maces & Flails
 + Level 1.0 Polearms
 + Level 1.0 Staves
 + Level 1.0 Ranged Weapons
 + Level 1.0 Throwing
 + Level 4.6 Armour
 + Level 2.7 Dodging
 + Level 2.5 Stealth
 + Level 1.0 Shields
 + Level 1.0 Unarmed Combat
 + Level 1.0 Spellcasting
 + Level 0.8 Conjurations
 + Level 0.8 Hexes
 + Level 0.8 Summonings
 + Level 0.8 Necromancy
 + Level 0.8 Translocations
 + Level 0.8 Transmutations
 + Level 0.8 Fire Magic
 + Level 0.8 Ice Magic
 + Level 0.8 Air Magic
 + Level 0.8 Earth Magic
 + Level 0.8 Poison Magic
 + Level 1.1 Invocations
 + Level 6.6 Evocations
 + Level 0.8 Shapeshifting


You had 5 spell levels left.
You didn't know any spells.
Your spell library contained the following spells:

 Spells                   Type           Power      Damage    Failure   Level
 Freeze                   Ice            8%         1d3       11%         1
 Kiss of Death            Conj/Necr      8%         2d6       11%         1
 Confusing Touch          Hex            2%         N/A       32%         3
 Frozen Ramparts          Ice            4%         1d1       32%         3
 Hailstorm                Conj/Ice       2%         3d3       32%         3
 Dispel Undead            Necr           2%         3d7       69%         4


Dungeon Overview and Level Annotations

Branches:
Dungeon (3/15)

Altars:

Shops:
D:1 [   D:2 :


Innate Abilities, Weirdness & Mutations

You have very sharp teeth.
Your uncanny sense of smell can sniff out nearby items.
Your experience applies equally to all skills.


Message History

You closely miss the orc. The orc hits you but does no damage.
The orc hits you with a +0 short sword.
You hit the orc.
The orc is heavily wounded.
The orc barely misses you. The orc hits you with a +0 short sword.
You barely miss the orc.
The orc is heavily wounded.
The orc hits you with a +0 club. The orc closely misses you.
The orc misses you. The orc hits you with a +0 short sword.
You are too injured to fight recklessly!
You are too injured to fight recklessly!
You are too injured to fight recklessly!
You are too injured to fight recklessly!
You are too injured to fight recklessly!
You are too injured to fight recklessly!
The orc hits you with a +0 club. The orc closely misses you.
The orc hits you with a +0 club.
* * * LOW HITPOINT WARNING * * *
The orc attacks as you move away! The orc hits you with a +0 club.
* * * LOW HITPOINT WARNING * * *
The orc attacks as you move away! The orc closely misses you.
The orc attacks as you move away! The orc hits you with a +0 club.
* * * LOW HITPOINT WARNING * * *
The orc attacks as you move away! The orc barely misses you.
The orc attacks as you move away! The orc closely misses you.
The orc attacks as you move away! The orc hits you with a +0 short sword.
* * * LOW HITPOINT WARNING * * *
You see here a +0 spear.
Aiming: Throw Flame
Press: ? - help, Shift-Dir - straight line, f - orc
Aim: an orc, wielding a +0 club and wearing a +0 leather armour (heavily wounded, 74% to hit)
The puff of flame hits the orc!
You kill the orc!
Aiming: Throw Flame
Press: ? - help, Shift-Dir - straight line, f - orc
Aim: an orc, wielding a +0 short sword (74% to hit)
The puff of flame hits the orc.
The orc is almost dead.
The orc hits you with a +0 short sword.
You die...

##......## ##........##
#..........# #..........#
#..........# ################
#..........# #........##....#
#..........#
##...<....##....####........##
##........##....@o...........#
#####....#......##.....>.....#
.............................####
#######..###.....#....[..........
.######..# #........)............
.##...##.###................#....
..#.#..#..........###............
....##.............###..........#
.......#.#..####.#..##..........#


You could see an orc.

Vanquished Creatures
  2 worms (D:2)
  An orc (D:2)
  8 ball pythons
  4 endoplasms
  7 giant cockroaches
  4 goblins
  3 hobgoblins
  4 jackals
  5 kobolds
  3 quokkas (D:1)
  5 bats
  A frilled lizard (D:1)
  2 rats (D:1)
49 creatures vanquished.

Notes
Turn   | Place    | Note
-------+----------+-------------------------------------------
     0 | D:1      | cforsyth the Gnoll Artificer began the quest for the Orb.
     0 | D:1      | Reached XP level 1. HP: 17/17 MP: 1/1
   109 | D:1      | Found Meleet's Armour Boutique.
   269 | D:1      | Reached XP level 2. HP: 22/23 MP: 2/2
   693 | D:1      | Reached XP level 3. HP: 20/28 MP: 3/3
  1109 | D:2      | Reached skill level 1 in Invocations
  1296 | D:2      | Reached skill level 1 in Short Blades
  1296 | D:2      | Reached skill level 1 in Long Blades
  1296 | D:2      | Reached skill level 1 in Axes
  1296 | D:2      | Reached skill level 1 in Maces & Flails
  1296 | D:2      | Reached skill level 1 in Polearms
  1296 | D:2      | Reached skill level 1 in Staves
  1296 | D:2      | Reached skill level 1 in Ranged Weapons
  1296 | D:2      | Reached skill level 1 in Throwing
  1296 | D:2      | Reached skill level 1 in Shields
  1296 | D:2      | Reached skill level 1 in Unarmed Combat
  1296 | D:2      | Reached skill level 1 in Spellcasting
  1306 | D:2      | Found a faded altar of an unknown god.
  1414 | D:2      | Found Pasir's Book Emporium.
  1659 | D:2      | Reached XP level 4. HP: 6/34 MP: 5/5
  2070 | D:2      | HP: 1/34 [orc/+0 short sword (4)]
  2072 | D:2      | Slain by an orc

Illustrated notes

Levels and vault maps discovered:
D:1:      lightli_iron_boxes, layout_loops_ring, serial_shops,
          nicolae_diamond_shop, ebering_dispersal_statue_hall,
          minmay_tetromino_t4
D:2:      layout_rooms, serial_shops, nicolae_square_shop,
          ebering_ecumenical_altar_mist, kennysheep_big_empty_room,
          minmay_worlds_worst_comb
D:3:      layout_basic, mainiacjoe_overflow_brackets, columned_hall_lemuel,
          chequers_serial_rivers_micro_b, minivault_25, minivault_26,
          minmay_increasing_density, uniq_crazy_yiuf_cottage

Skill      XL: |  1  2  3 |
---------------+----------+-----
Invocations    | 1 |  1.1
Short Blades   | 1 |  1.0
Long Blades    | 1 |  1.0
Axes           | 1 |  1.0
Maces & Flails | 1 |  1.0
Polearms       | 1 |  1.0
Staves         | 1 |  1.0
Ranged Weapons | 1 |  1.0
Throwing       | 1 |  1.0
Shields        | 1 |  1.0
Unarmed Combat | 1 |  1.0
Spellcasting   | 1 |  1.0
Fighting       | |  2.7
Armour         | |  4.6
Dodging        | |  2.7
Stealth        | |  2.5
Conjurations   | |  0.8
Hexes          | |  0.8
Summonings     | |  0.8
Necromancy     | |  0.8
Translocations | |  0.8
Transmutations | |  0.8
Fire Magic     | |  0.8
Ice Magic      | |  0.8
Air Magic      | |  0.8
Earth Magic    | |  0.8
Poison Magic   | |  0.8
Evocations     | |  6.6
Shapeshifting  | |  0.8

Action                     |  1- 3 |  4- 6 || total
---------------------------+-------+-------++-------
  Melee: Club              |   231 |    34 ||   265
         Bite              |    24 |     4 ||    28
         Punch             |     4 |     1 ||     5
  Evoke: Wand              |     3 |     2 ||     5
   Stab: Sleeping          |     5 |       ||     5
 Armour: Leather armour    |    81 |     7 ||    88
  Dodge: Dodged            |   197 |    25 ||   222

Table legend: (Time is in decaauts)
 A = Elapsed time spent in this place.
 B = Non-inter-level travel time spent in this place.
 C = Inter-level travel time spent in this place.
 D = Time resting spent in this place.
 E = Time spent auto-exploring this place.
 F = Levels seen in this place.
 G = Mean time per level.
                   A        B        C        D        E       F      G
               +--------+--------+--------+--------+--------+-----+--------+
         Total |   2144 |   2110 |     34 |    215 |   1252 |   3 |  714.7 |
       Dungeon |   2144 |   2110 |     34 |    215 |   1252 |   3 |  714.7 |
               +--------+--------+--------+--------+--------+-----+--------+

Top non-repeatable levels by time:
     D:1: 1347 daAuts
     D:2: 763 daAuts
     D:3: 32 daAuts
